 Dungeon Crawl Stone Soup version 0.18-a0-1577-gf591c28 (webtiles) character file.

30 M4edhros the Ducker (level 3, -1/23 HPs)
             Began as an Octopode Artificer on Mar 19, 2016.
             Slain by a jackal (2 damage)
             ... on level 2 of the Dungeon.
             The game lasted 00:01:03 (1217 turns).

M4edhros the Ducker (Octopode Artificer)            Turns: 1217, Time: 00:01:03

Health: -1/23      AC:  1    Str: 10    XL:     3   Next: 20%
Magic:  5/5        EV: 13    Int: 14    God:
Gold:   57         SH:  0    Dex: 13    Spells: 0 memorised, 2 levels left

rFire  . . .     SeeInvis .     a - +0 short sword
rCold  . . .     Gourm    .     (no shield)
rNeg   . . .     Faith    .     (helmet restricted)
rPois  .         Spirit   .     (no amulet)
rElec  .         Dismiss  .     (no ring)
rCorr  .         Reflect  .     (no ring)
SustAt .         Harm     .     (no ring)
MR     .....                    (no ring)
Stlth  +++.......               (no ring)
                                (no ring)
                                (no ring)
                                (no ring)

@: not resistant to hostile enchantments, fairly stealthy
A: almost no armour, amphibious, 8 rings, constrict 8, camouflage 1, gelatinous
body 1
a: no special abilities


You were on level 2 of the Dungeon.
You were hungry.

You visited 1 branch of the dungeon, and saw 2 of its levels.

You collected 57 gold pieces.

Inventory:

Hand Weapons
 a - a +0 short sword (weapon)
 n - a +0 hunting sling
Missiles
 o - 106 stones (quivered)
Wands
 b - a wand of flame (15/48)
 c - a wand of enslavement (15/24)
 d - a wand of random effects (15/48)
Scrolls
 g - a scroll of identify {unknown}
 j - 2 scrolls of remove curse {unknown}
 q - a scroll of fog {unknown}
Potions
 e - a potion of degeneration {unknown}
 i - a potion of invisibility {unknown}
 m - a potion of agility {unknown}
 p - a potion of lignification {unknown}
Comestibles
 f - a bread ration
 k - 2 fruits
 l - a meat ration


   Skills:
 - Level 1.0 Fighting
 - Level 1.0 Short Blades
 + Level 3.5 Dodging
 - Level 1.3 Stealth
 - Level 3.2 Evocations


You had 2 spell levels left.
You didn't know any spells.

Dungeon Overview and Level Annotations

Branches:
Dungeon (2/15)

Altars:


Innate Abilities, Weirdness & Mutations

You cannot wear most types of armour.
You are amphibious.
You can wear up to eight rings at the same time.
You can use your tentacles to constrict eight enemies at once.
Your skin changes colour to match your surroundings (Stealth).
Your rubbery body absorbs attacks (AC +1).


Message History

The jackal closely misses you. The jackal barely misses you.
The jackal closely misses you.
You hit the jackal.
You kill the jackal!
The jackal barely misses you.
You hit the worm. You grab the worm.
The worm is moderately wounded.
You constrict the worm. The jackal bites you. The jackal barely misses you.
You hit the worm.
The worm is heavily wounded.
You constrict the worm. The worm misses you. The jackal barely misses you.
You hit the worm.
The worm is severely wounded.
You constrict the worm. The jackal closely misses you. The worm bites you!
* * * LOW HITPOINT WARNING * * *
You barely miss the jackal. You grab the jackal.
Your squeeze misses the jackal. You constrict the worm.
You constrict the jackal, but do no damage.
The jackal bites you.
You die...

.##.........>..##..###
.......#......##.##
###......#...##....#
........##..##h..##
#......##.......#
#......#...######
##..###.....#
#..wh#..##.## #.##@..#
#..#
#.###..####.###### #.#
#..##........# #.#
#..##.<......# #.#
#..##..).....# #.
##...........#
###.........#
##........# #........#


You could see a worm and a jackal.

Vanquished Creatures
  An ooze (D:1)
  A giant gecko (D:2)
  A giant cockroach (D:1)
  5 goblins
  2 jackals (D:2)
  A ball python (D:1)
  A bat (D:2)
  5 giant newts (D:1)
  6 kobolds
  2 rats (D:1)
25 creatures vanquished.

Notes
Turn   | Place    | Note
--------------------------------------------------------------
     0 | D:1      | M4edhros the Octopode Artificer began the quest for the Orb.
     0 | D:1      | Reached XP level 1. HP: 13/13 MP: 3/3
   209 | D:1      | Reached XP level 2. HP: 15/18 MP: 4/4
  1140 | D:2      | Reached XP level 3. HP: 23/23 MP: 5/5
  1216 | D:2      | HP: 1/23 [worm (8)]
  1217 | D:2      | Slain by a jackal

Vault maps used:
D:1:      evilmike_arrival_crescent
D:2:      first_bread, uniq_sigmund, uniq_iyjb, uniq_jessica

Skill      XL: |  1  2 |
---------------+-------+-----
Dodging        | 3 |  3.5
Fighting       | |  1.0
Short Blades   | |  1.0
Stealth        | |  1.3
Evocations     | |  3.2

Action                   || total
-------------------------++-------
Melee: Short sword       ||    59
  Use: Potion            ||     2
 Stab: Sleeping          ||     5
